 Dungeon Crawl Stone Soup version 0.30.1-4-g462c640d31 (webtiles) character file.

Game seed: 10805897299606624385

18196 Almogavar the Carver (level 12, -7/111 (112) HPs)
             Began as a Minotaur Berserker on Sept 3, 2023.
             Was a High Priest of Trog.
             Killed from afar by a deep elf zephyrmancer (24 damage)
             ... with a bolt of lightning
             ... on level 1 of the Orcish Mines.
             The game lasted 00:31:21 (12202 turns).

Almogavar the Carver (Minotaur Berserker)          Turns: 12202, Time: 00:31:22

HP:   -7/111 (112)  AC: 20    Str: 37    XL:     12   Next: 25%
MP:   11/11         EV: 16    Int:  4    God:    Trog [*****.]
Gold: 1523          SH: 16    Dex: 10    Spells: 11/11 levels left

rFire   x . .        J - +5 scimitar
rCold   . . .        K - +2 kite shield
rNeg    . . .        e - +7 chain mail of Osomefys {rCorr}
rPois   +            (helmet restricted)
rElec   .            (no cloak)
rCorr   +            (no gloves)
SInv    .            A - +0 pair of boots of Ixasm {Fly rPois rF- Str+4}
Will    .....        H - amulet of reflection Stlth
                     n - +6 ring of strength
HPRegen 0.38/turn    N - ring "Laush" {rCorr EV+5}
MPRegen 0.12/turn

%: reflection
@: flying, studying Fighting, lightly drained
A: horns 2, retaliatory headbutt
a: Renounce Religion, Berserk, Trog's Hand, Brothers in Arms


You were on level 1 of the Orcish Mines.
You worshipped Trog.
Trog was extremely pleased with you.
You visited 2 branches of the dungeon, and saw 11 of its levels.
You also visited: Sewer.

You collected 1578 gold pieces.
You spent 55 gold pieces at shops.

Inventory:

Hand Weapons
 c - a +0 sling
 y - the +2 whip of the Shining Light {heavy, Str+2}
   (You found it on level 6 of the Dungeon)

   Str:       It affects your strength (+2).
 G - a +2 great sword of holy wrath
 J - a +5 scimitar (weapon)
 L - a +0 scimitar of flaming
Missiles
 z - 2 throwing nets (quivered)
Armour
 e - the +7 chain mail of Osomefys (worn) {rCorr}
   (You found it on level 2 of the Dungeon)

   rCorr:     It protects you from acid and corrosion.
 A - the +0 pair of boots of Ixasm (worn) {Fly rPois rF- Str+4}
   (You found it on level 6 of the Dungeon)

   Str:       It affects your strength (+4).
   rF:        It makes you vulnerable to fire.
   rPois:     It protects you from poison.
   Fly:       It grants you flight.
 K - a +2 kite shield (worn)
Jewellery
 n - a +6 ring of strength (left hand)
 F - a ring of fire
 H - an amulet of reflection (around neck)
 N - the ring "Laush" (right hand) {rCorr EV+5}
   (You found it on level 10 of the Dungeon)

   [ring of evasion]

   EV:        It affects your evasion (+5).
   rCorr:     It protects you from acid and corrosion.
Wands
 a - a wand of iceblast (3)
 m - a wand of mindburst (9)
 B - a wand of acid (21)
 E - a wand of flame (18)
 M - a wand of paralysis (3)
Scrolls
 b - a scroll of fear
 d - a scroll of fog
 h - 2 scrolls of blinking
 r - a scroll of teleportation
 u - 3 scrolls of enchant armour
 C - 3 scrolls of magic mapping {unknown}
 D - 4 scrolls of enchant weapon {unknown}
 I - 2 scrolls of vulnerability {unknown}
Potions
 f - 4 potions of resistance
 g - 2 potions of might
 i - 3 potions of ambrosia
 j - 3 potions of flight
 k - 3 potions of lignification
 l - 2 potions of mutation
 q - 6 potions of curing
 s - 2 potions of magic
 x - 2 potions of cancellation {unknown}


   Skills:
 + Level 11.9 Fighting
 - Level 14.5 Long Blades
 + Level 1.9 Ranged Weapons
 + Level 11.9 Armour
 + Level 5.9 Dodging
 - Level 2.5 Stealth
 + Level 7.5 Shields
 * Level 4.1 Evocations


You had 11 spell levels left.
You didn't know any spells.
Your spell library was empty.

Dungeon Overview and Level Annotations

Branches:
Dungeon (10/15)            Temple (0/1) D:5            Lair (0/5) D:9
    Orc (1/2) D:9           Sewer (visited)

Altars:
Elyvilon
Fedhas
Hepliaklqana
Okawaru
Ru
Vehumet
Yredelemnul

Shops:
D:4 **   D:8 !


Innate Abilities, Weirdness & Mutations

You have a pair of horns on your head.
You reflexively headbutt those who attack you in melee.


Message History

You slice the deep elf zephyrmancer!! You headbutt the deep elf zephyrmancer.
The deep elf zephyrmancer is heavily wounded.
The deep elf zephyrmancer gestures at you while chanting.
The bolt of lightning hits you!!
You hear a shout! x2
You hit the deep elf zephyrmancer but do no damage.
The deep elf zephyrmancer is heavily wounded.
You slash the deep elf zephyrmancer!
The deep elf zephyrmancer is almost dead.
The deep elf zephyrmancer mumbles some strange words.
The deep elf zephyrmancer blinks!
The deep elf zephyrmancer hits you but does no damage.
The deep elf zephyrmancer mumbles some strange words.
The deep elf zephyrmancer blinks!
You slash the deep elf zephyrmancer!
The deep elf zephyrmancer is moderately wounded.
The deep elf zephyrmancer hits you but does no damage.
You hit the deep elf zephyrmancer.
The deep elf zephyrmancer is moderately wounded.
The deep elf zephyrmancer points at you and mumbles some strange words.
The bolt of lightning hits you!! The bolt of lightning misses you.
You hear a shout! x2
You are too injured to fight recklessly!
You are too injured to fight recklessly!
You are too injured to fight recklessly!
You hit the deep elf zephyrmancer.
Your headbutt misses the deep elf zephyrmancer.
The deep elf zephyrmancer is moderately wounded.
You barely miss the deep elf zephyrmancer.
You headbutt the deep elf zephyrmancer!
The deep elf zephyrmancer is severely wounded.
The deep elf zephyrmancer gestures at you while chanting.
The bolt of lightning misses you. The bolt of lightning hits you!!
* * * LOW HITPOINT WARNING * * *
You feel much better.
The deep elf zephyrmancer gestures at you while chanting.
The bolt of lightning hits you!
* * * LOW HITPOINT WARNING * * *
The bolt of lightning hits you!!
You die...

#........~≈######≈~...## #
#....e.~~≈≈≈≈≈≈~~....# .##
##.>^#..≈~~~≈~≈~..#.## ##
.... #....................#
.#.....
##...###............# ...#
###.####...........# ...#
####.[..........# ...#
##............# ....#
#..@e.##......# ....#.....
###.#e..#)....## ##.......#
##..##..#.)....#
.#.......###...#...##.##.##
#.....>...#.......########
.........#........###
.........#.......#..#
..............##...###
..###.......###......###


You could see 2 deep elf zephyrmancers.

Vanquished Creatures
  Erolcha (D:9)
  Erica (D:8)
  A two-headed ogre (D:7)
  An orc high priest (Orc:1)
  The ghost of SnailSD the Cleaver, a novice MiBe of Trog (D:8)
  Sonja (Orc:1)
  The ghost of porada001 the Covered, a novice VSFi of Elyvilon (D:8)
  The ghost of dondy the Spear-Bearer, a novice MfGl of Yredelemnul (D:8)
  The ghost of tykejmi the Gusty, a novice DgAE (D:7)
  The ghost of Quickbrownfox the Conjurer, a novice OpCj of Gozag (D:8)
  An orc sorcerer (Orc:1)
  A cyclops (D:7)
  An unseen horror (D:7)
  Maggie (D:9)
  Psyche (D:8)
  A komodo dragon (D:7)
  4 trolls
  Grinder (D:3)
  Prince Ribbit (D:7)
  A hornet (D:7)
  2 wyverns
  A vampire (D:10)
  A wraith (D:10)
  13 yaks
  4 vampire mosquitoes (D:10)
  Grum (D:9)
  A steam dragon (D:6)
  5 wargs (Orc:1)
  2 acid dragons
  2 water moccasins
  2 black bears
  11 orc warriors
  3 ice beasts
  4 centaurs
  2 ogres
  5 wolves (D:9)
  A phantom (D:5)
  3 bullfrogs
  2 kobold brigands
  A gnoll sergeant (D:8)
  3 scorpions
  5 wights (D:8)
  11 killer bees
  3 electric eels
  4 howler monkeys
  10 hounds
  10 orc priests
  2 jellies
  An iguana (D:7)
  2 scorpion zombies (D:4)
  2 sleepcaps
  17 orc wizards
  A hound zombie (D:4)
  5 gnolls (D:8)
  12 adders
  A white imp (D:8)
  An ufetubus (D:5)
  An adder zombie (D:4)
  5 worms
  3 dart slugs
  38 orcs
  9 endoplasms
  2 giant cockroaches
  7 goblins
  11 hobgoblins
  15 kobolds
  8 quokkas
  11 ball pythons
  8 bats
  11 frilled lizards
  10 rats
318 creatures vanquished.

Vanquished Creatures (others)
  2 kobolds (D:9)
  A quokka (D:8)
3 creatures vanquished.

Grand Total: 321 creatures vanquished

Notes
Turn   | Place    | Note
-------+----------+-------------------------------------------
     0 | D:1      | Almogavar the Minotaur Berserker began the quest for the
                  | Orb.
     0 | D:1      | Reached XP level 1. HP: 19/19 MP: 0/0
   116 | D:1      | Reached XP level 2. HP: 27/27 MP: 1/1
   121 | D:1      | Reached skill level 4 in Long Blades
   621 | D:2      | Identified the +7 chain mail of Osomefys {rCorr}
   741 | D:2      | Reached ** piety under Trog
   742 | D:2      | Reached XP level 3. HP: 33/34 MP: 2/2
  1280 | D:2      | Reached XP level 4. HP: 32/41 MP: 3/3
  1787 | D:3      | Found an iron altar of Okawaru.
  1913 | D:3      | Noticed Grinder
  1920 | D:3      | Killed Grinder
  1921 | D:3      | Reached skill level 5 in Fighting
  1921 | D:3      | Reached skill level 6 in Long Blades
  1921 | D:3      | Reached XP level 5. HP: 45/48 MP: 4/4
  1921 | D:3      | Reached XP level 6. HP: 53/56 MP: 5/5
  1974 | D:3      | Found a radiant altar of Vehumet.
  2296 | D:4      | Identified a scroll of acquirement
  2296 | D:4      | Acquired 543 gold pieces
  2357 | D:4      | Found a basalt altar of Yredelemnul.
  2426 | D:4      | Found Gujauf's Specific Store.
  2428 | D:4      | Found Sinket's General Store.
  2518 | D:4      | Reached *** piety under Trog
  2528 | D:4      | Reached skill level 7 in Long Blades
  2557 | D:4      | Reached XP level 7. HP: 39/62 MP: 6/6
  2599 | D:4      | Found a glowing drain.
  2608 | Sewer    | Entered a sewer
  3592 | D:5      | Entered Level 5 of the Dungeon
  3619 | D:5      | Reached skill level 8 in Long Blades
  3773 | D:5      | Reached skill level 5 in Armour
  3824 | D:5      | Reached skill level 9 in Long Blades
  3824 | D:5      | Reached XP level 8. HP: 56/71 MP: 7/7
  4075 | D:5      | Found a staircase to the Ecumenical Temple.
  4463 | D:5      | Reached **** piety under Trog
  4629 | D:6      | Identified the +2 whip of the Shining Light {heavy, Str+2}
  4836 | D:6      | Identified the +0 pair of boots of Ixasm {Fly rPois rF-
                  | Str+4}
  4876 | D:6      | Reached skill level 10 in Long Blades
  5223 | D:6      | Reached skill level 1 in Stealth
  5542 | D:7      | Identified the +5 falchion "Vaetteu Walu" {pain, rN+}
  5615 | D:7      | Noticed Prince Ribbit
  5659 | D:7      | Killed Prince Ribbit
  5660 | D:7      | Reached XP level 9. HP: 51/79 MP: 8/8
  5793 | D:7      | Paralysed by a hornet for 1 turns
  5796 | D:7      | Reached skill level 11 in Long Blades
  6014 | D:7      | Found a sacrificial altar of Ru.
  6073 | D:7      | Found a blossoming altar of Fedhas.
  6296 | D:7      | Noticed a cyclops
  6297 | D:7      | Noticed a two-headed ogre
  6300 | D:7      | Noticed a komodo dragon
  6305 | D:7      | Killed a cyclops
  6311 | D:7      | Killed a two-headed ogre
  6312 | D:7      | Reached skill level 12 in Long Blades
  6312 | D:7      | Reached skill level 1 in Evocations
  6536 | D:7      | Killed a komodo dragon
  6537 | D:7      | Reached XP level 10. HP: 50/90 MP: 9/9
  7595 | D:8      | Reached ***** piety under Trog
  7625 | D:8      | Reached skill level 10 in Armour
  7777 | D:8      | Reached skill level 13 in Long Blades
  7777 | D:8      | Reached skill level 1 in Shields
  7900 | D:8      | Found a runed translucent gate.
  7900 | D:8      | Found a runed translucent gate.
  7900 | D:8      | Noticed Quickbrownfox's ghost (novice OpCj)
  7900 | D:8      | Noticed porada001's ghost (novice VSFi)
  7901 | D:8      | Found a runed translucent gate.
  7901 | D:8      | Noticed tykejmi's ghost (novice DgAE)
  7901 | D:8      | Noticed SnailSD's ghost (novice MiBe)
  7901 | D:8      | Noticed dondy's ghost (novice MfGl)
  7917 | D:8      | Found a white marble altar of Elyvilon.
  7945 | D:8      | Found Catucw's Distillery.
  7954 | D:8      | Bought a potion of heal wounds for 55 gold pieces
  7990 | D:8      | Noticed Psyche
  7991 | D:8      | Noticed Erica
  8042 | D:8      | Killed Psyche
  8059 | D:8      | Killed Erica
  8374 | D:8      | Killed Quickbrownfox's ghost
  8387 | D:8      | Killed SnailSD's ghost
  8388 | D:8      | Reached XP level 11. HP: 73/97 MP: 10/10
  8392 | D:8      | Killed dondy's ghost
  8397 | D:8      | Killed porada001's ghost
  8398 | D:8      | Reached skill level 14 in Long Blades
  8398 | D:8      | Reached skill level 5 in Dodging
  8408 | D:7      | Killed tykejmi's ghost
  8647 | D:8      | Reached skill level 10 in Fighting
  8726 | D:9      | Noticed Erolcha
  8737 | D:9      | Killed Erolcha
  8757 | D:9      | Found a staircase to the Orcish Mines.
  9244 | D:9      | Found a staircase to the Lair.
  9439 | D:9      | Noticed Maggie
  9455 | D:9      | Killed Maggie
  9717 | D:9      | Noticed Grum
  9734 | D:9      | Killed Grum
  9840 | D:9      | Acquired a manual of Fighting
  9952 | D:9      | Found a hazy altar of Hepliaklqana.
 10008 | D:10     | Entered Level 10 of the Dungeon
 10052 | D:10     | Reached skill level 5 in Shields
 10709 | D:10     | Identified the ring "Laush" {rCorr EV+5}
 11182 | Orc:1    | Entered Level 1 of the Orcish Mines
 11240 | Orc:1    | Noticed an orc sorcerer
 11257 | Orc:1    | Killed an orc sorcerer
 11258 | Orc:1    | Reached XP level 12. HP: 71/110 MP: 11/11
 11274 | Orc:1    | Noticed an orc high priest
 11284 | Orc:1    | Killed an orc high priest
 11863 | Orc:1    | Reached skill level 1 in Ranged Weapons
 11931 | Orc:1    | Noticed Sonja
 11940 | Orc:1    | Killed Sonja
 12202 | Orc:1    | Killed from afar by a deep elf zephyrmancer

Illustrated notes

Levels and vault maps discovered:
D:1:      minmay_arrival_split_and_join, layout_rooms
D:2:      minmay_recursive_quarters, layout_basic
D:3:      layout_loops_corners, mainiacjoe_overflow_surrounded_room,
          nicolae_overflow_crystal_walls, uniq_grinder
D:4:      minmay_chambers_of_twos, layout_basic,
          nicolae_yredelemnul_corpse_copse, cheibrodos_sewer_entry_drain,
          nicolae_specific_store
D:5:      layout_basic, minmay_temple_entry_slanted, st_stairs_10
D:6:      layout_cave_pods, grunt_ministairs_10, kennysheep_generic_room_10
D:7:      minmay_blocky_corners, layout_loops_cross,
          nicolae_overflow_hidden_temple, nicolae_ru_great_annihilating_truth,
          uniq_prince_ribbit1
D:8:      layout_basic, elyvilon_altar_4, serial_shops,
          nicolae_shop_advertising_works [nicolae_subvault_shop_adworks],
          gammafunk_ghost_cemetery, uniq_erica, uniq_psyche
D:9:      layout_rooms, kennysheep_little_box, erik_lair_island, orc_0_dummy,
          uniq_erolcha, uniq_grum, uniq_maggie
D:10:     layout_irregular_city
Orc:1:    layout_diamond_mine, nicolae_orc_rockfall, elves_outpost_lemuel,
          uniq_sonja

Skill      XL: |  1  2  3  4  5  6  7  8  9 10 11 12 |
---------------+-------------------------------------+-----
Fighting       | 4 5 6 7 8 9 11 | 11.9
Long Blades    | 4 6 7 9 10 12 13 14 | 14.5
Armour         | 3 4 5 6 8 10 11 | 11.9
Dodging        | 3 4 5 |  5.9
Stealth        | 1 2 |  2.5
Evocations     | 1 3 4 |  4.1
Shields        | 2 6 7 |  7.5
Ranged Weapons | 1 |  1.9

Action                     |  1- 3 |  4- 6 |  7- 9 | 10-12 || total
---------------------------+-------+-------+-------+-------++-------
  Melee: Falchion          |    96 |   119 |   316 |   130 ||   661
         Headbutt          |    17 |    23 |    60 |   119 ||   219
         Punch             |     2 |     1 |     4 |     2 ||     9
         Scimitar          |       |       |       |   506 ||   506
   Fire: Sling             |       |       |       |    32 ||    32
 Invoke: Trog's Hand       |       |       |       |     3 ||     3
         Berserk           |       |       |       |     2 ||     2
  Evoke: Wand              |       |       |    10 |     5 ||    15
    Use: Scroll            |     5 |     3 |     8 |    10 ||    26
         Potion            |       |       |       |     2 ||     2
   Stab: Paralysed         |       |       |     1 |       ||     1
 Armour: Animal skin       |     8 |       |       |       ||     8
         Chain mail        |    26 |    75 |   145 |   258 ||   504
         Scale mail        |     5 |       |       |       ||     5
         Skin              |       |       |       |     3 ||     3
  Dodge: Dodged            |    66 |    58 |   112 |   200 ||   436
  Block: Kite shield       |       |       |       |   338 ||   338
         Other             |       |       |       |    12 ||    12
         Reflection        |       |       |       |    18 ||    18
